 Dungeon Crawl Stone Soup version 0.17-a0-1409-ge6d9485 (webtiles) character file.

352 wvc the Cutter (level 6, 0/59 HPs)
             Began as a Troll Wanderer on June 22, 2015.
             Was an Initiate of Elyvilon.
             Succumbed to poison (a potion of poison)
             ... on level 4 of the Dungeon.
             The game lasted 00:06:48 (2304 turns).

wvc the Cutter (Troll Wanderer)                     Turns: 2304, Time: 00:06:48

Health: 0/59       AC:  5    Str: 21    XL:     6   Next: 35%
Magic:  5/5        EV: 10    Int:  8    God:    Elyvilon [......]
Gold:   100        SH:  0    Dex: 11    Spells: 0 memorised, 5 levels left

rFire  . . .     SeeInvis +     a - +3 short sword
rCold  . . .     Clarity  .     d - +0 robe
rNeg   . . .     SustAt   .     (no shield)
rPois  .         Gourm    +     (helmet restricted)
rElec  .         Spirit   .     (no cloak)
rCorr  .         Warding  .     (gloves unavailable)
rMut   .         Stasis   .     (boots unavailable)
MR     .....                    (no amulet)
Stlth  +.........               (no ring)
                                i - ring of see invisible

@: lethally poisoned (0 -> -12), not resistant to hostile enchantments, very
unstealthy
A: unfitting armour, claws 3, fast metabolism 3, gourmand, regeneration 2,
shaggy fur 1, tough skin 2
a: Renounce Religion


You were on level 4 of the Dungeon.
You worshipped Elyvilon.
Elyvilon was noncommittal.
You were very full.

You visited 1 branch of the dungeon, and saw 4 of its levels.

You collected 100 gold pieces.

Inventory:

Hand weapons
 a - a +3 short sword (weapon)
 f - a +1 antimagic short sword
Armour
 d - a +0 robe (worn)
Jewellery
 i - a ring of see invisible (left claw)
Scrolls
 b - a scroll of teleportation
 j - a scroll of fog {unknown}
 n - a scroll of enchant weapon
Potions
 c - a potion of lignification
 h - a potion of heal wounds {unknown}
 l - a potion of magic {unknown}
 q - 2 potions of berserk rage {unknown}
 r - a potion of poison
Comestibles
 e - 4 bread rations
 g - a chunk of flesh
 o - a meat ration


   Skills:
 - Level 2.4 Fighting
 * Level 5.0 Short Blades
 - Level 2.5 Dodging
 - Level 1.0 Stealth
   Level 1.5 Shields
 - Level 1.0 Unarmed Combat


You had 5 spell levels left.
You didn't know any spells.

Dungeon Overview and Level Annotations

Branches:
Dungeon (4/15)
 Temple: D:4-7

Altars:
Elyvilon
Fedhas
Trog


Innate Abilities, Weirdness & Mutations

You are too large for most types of armour.
You have claws for hands.
Your metabolism is lightning-fast.
You like to eat raw meat.
You heal very quickly.
You are covered in fur (AC +1).
You have very tough skin (AC +2).


Message History

The worker ant is heavily wounded.
The worker ant bites you!
* * * LOW HITPOINT WARNING * * *
You hit the worker ant but do no damage.
The worker ant is heavily wounded.
You feel sick.
The worker ant bites you but does no damage.
You hit the worker ant but do no damage.
The worker ant is heavily wounded.
You feel sick. The worker ant bites you.
* * * LOW HITPOINT WARNING * * *
You are lethally poisoned!
The worker ant poisons you!
You hit the worker ant but do no damage.
The worker ant is heavily wounded.
The worker ant misses you.
Drink which item? (? for menu, Esc to quit)
It was a potion of poison.
That liquid tasted very nasty...
You are more poisoned.
You die...

#.##.###.##.##g##.##
#.##.# #.......l...#
.....###.##.#####..#
#.####.............#
..# #.....#####...#
..# #.<...# #g###
#.## #.....# #l#
...# #...).# #a#
#..# ####### #@#
#..### #># .....#
#.#
.#.#.###########.#
.#......##.......#
.###.##....#######
.....####### ######


You could see a gnoll shaman, a worker ant and a giant gecko.

Vanquished Creatures
  An eye of draining (D:3)
  A giant frog (D:3)
  An orc wizard (D:3)
  Natasha (thrice) (D:3)
  2 gnolls (D:4)
  6 adders
  2 worms (D:2)
  4 giant geckos
  5 orcs (D:3)
  A ball python (D:2)
  A giant cockroach (D:4)
  7 goblins
  5 hobgoblins
  5 jackals
  11 kobolds
  A quokka (D:2)
  6 bats
  3 giant newts
  5 rats
70 creatures vanquished.

Notes
Turn   | Place    | Note
--------------------------------------------------------------
     0 | D:1      | wvc the Troll Wanderer began the quest for the Orb.
     0 | D:1      | wvc set off with: a +2 short sword, a scroll of teleportation, a potion of lignification, a +0 robe, 2 bread rations
     0 | D:1      | Reached XP level 1. HP: 22/22 MP: 0/0
    42 | D:1      | Reached XP level 2. HP: 26/29 MP: 1/1
   455 | D:2      | Reached XP level 3. HP: 29/36 MP: 2/2
   990 | D:2      | Reached XP level 4. HP: 39/44 MP: 3/3
  1312 | D:3      | Noticed Natasha
  1324 | D:3      | Killed Natasha
  1324 | D:3      | Reached skill level 3 in Short Blades
  1343 | D:3      | Found a white marble altar of Elyvilon.
  1380 | D:3      | Became a worshipper of Elyvilon the Healer
  1546 | D:3      | Noticed Natasha
  1559 | D:3      | Killed Natasha
  1609 | D:3      | Noticed a giant frog
  1617 | D:3      | Killed a giant frog
  1617 | D:3      | Reached skill level 4 in Short Blades
  1617 | D:3      | Reached XP level 5. HP: 42/50 MP: 4/4
  1704 | D:3      | Found a blossoming altar of Fedhas.
  1705 | D:3      | Noticed Natasha
  1711 | D:3      | Killed Natasha
  1794 | D:3      | Found a bloodstained altar of Trog.
  1794 | D:3      | Noticed an eye of draining
  1827 | D:3      | Killed an eye of draining
  1827 | D:3      | Reached XP level 6. HP: 59/59 MP: 0/5
  2268 | D:4      | Reached skill level 5 in Short Blades
  2302 | D:4      | HP: 2/59 [worker ant (6)]
  2304 | D:4      | Succumbed to poison (a potion of poison)

Vault maps used:
D:1:      minmay_arrival_radiant_lines
D:2:      first_bread
D:3:      elyvilon_altar_3, nicolae_overflow_crystal_walls,
          trog_eyes_of_draining, uniq_natasha
D:4:      uniq_pikel

Action                   |  1- 3 |  4- 6 || total
-------------------------+-------+-------++-------
Melee: Short sword       |   180 |   140 ||   320
       Unarmed           |       |    14 ||    14
  Use: Scroll            |       |     6 ||     6
       Potion            |       |     1 ||     1
 Stab: Sleeping          |       |     1 ||     1
  Eat: Chunk             |     8 |    12 ||    20
       Bread ration      |     1 |     1 ||     2
